 Dungeon Crawl Stone Soup version 0.25-a0-589-g1e14c549ee (webtiles) character file.

Game seed: 13202527828096996464, levelgen mode: deterministic

236 Gargoyl the Skirmisher (level 5, 0/46 HPs)
             Began as a Centaur Abyssal Knight on Mar 11, 2020.
             Was a Believer of Lugonu.
             Succumbed to an orc wizard's poison
             ... on level 5 of the Dungeon.
             The game lasted 00:04:53 (3863 turns).

Gargoyl the Skirmisher (Centaur Abyssal Knight)     Turns: 3863, Time: 00:04:53

Health: 0/46       AC:  8    Str: 14    XL:     5   Next: 77%
Magic:  16/16      EV:  4    Int: 11    God:    Lugonu [**....]
Gold:   75         SH:  0    Dex: 12    Spells: 4/4 levels left

rFire    . . .     SeeInvis .   a - +2 hand axe
rCold    . . .     Gourm    .   (no shield)
rNeg     . . .     Faith    .   d - +0 chain mail
rPois    .         Spirit   .   (no helmet)
rElec    .         Reflect  .   (no cloak)
rCorr    .         Harm     .   (no gloves)
MR       .....                  (no barding)
Stlth    ..........             (no amulet)
HPRegen  0.15/turn              b - ring of magical power
MPRegen  0.15/turn              (no ring)

@: lethally poisoned (0 -> -1), very quick
A: large, hooves 3, agile 1, blink, deformed body, [deterioration 2], speed 2,
tough skin 3
a: Blink, Depart the Abyss, Bend Space, Renounce Religion


You were on level 5 of the Dungeon.
You worshipped Lugonu.
Lugonu was pleased with you.
You were not hungry.

You visited 1 branch of the dungeon, and saw 5 of its levels.
You visited the Abyss 1 time.

You collected 75 gold pieces.

Inventory:

Hand Weapons
 a - a +2 hand axe (weapon)
Armour
 d - a +0 chain mail (worn)
Jewellery
 b - a ring of magical power (left hand)
Scrolls
 e - 2 scrolls of remove curse
 f - a scroll of teleportation {unknown}
 g - 3 scrolls of enchant weapon
 i - a scroll of immolation {unknown}
Potions
 h - a potion of stabbing
Comestibles
 c - 9 rations


   Skills:
 + Level 3.7 Fighting
 + Level 3.0 Axes
 * Level 2.9 Armour
 * Level 1.5 Dodging
 * Level 3.0 Invocations


You had 4 spell levels left.
You didn't know any spells.
Your spell library was empty.

Dungeon Overview and Level Annotations

Branches:
Dungeon (5/15)
 Temple: D:4-7

Altars:

Shops:
D:4 *


Innate Abilities, Weirdness & Mutations

You have hooves in place of feet.
Armour fits poorly on your strangely shaped body.
You cover ground very quickly.
You have extremely tough skin. (AC +3)
You are agile. (Dex +2)
You can translocate small distances at will.
[Your body often deteriorates upon taking damage.]


Message History

* * * LOW HITPOINT WARNING * * *
You feel sick.
* * * LOW HITPOINT WARNING * * *
You feel sick.
You see here a scroll labeled ILOSOI ADIVI.
* * * LOW HITPOINT WARNING * * *
You feel sick.
* * * LOW HITPOINT WARNING * * *
You feel sick.
A frilled lizard comes into view.
Found a stone staircase leading down.
A bullfrog zombie comes into view.
Unknown command.
* * * LOW HITPOINT WARNING * * *
You feel sick.
A worker ant comes into view.
The worker ant twitches its antennae in your direction.
Found a potion of stabbing.
Found a stone staircase leading up.
You die...

.......#...........
..........##.....!#
..........##...a.#
........#.l.....#
##......#...####
............#
..........l.#
.......Z....#
........#..@#
........#####
.>....### ..##.. ..
#..


You could see a bullfrog zombie, a leopard gecko and a frilled lizard.

Vanquished Creatures
  An orc wizard (D:3)
  Natasha (thrice) (D:3)
  6 adders
  2 oozes
  3 worms
  2 dart slugs
  2 leopard geckos (D:2)
  4 orcs (D:3)
  2 giant cockroaches
  5 goblins
  9 hobgoblins
  2 quokkas
  8 bats
  4 frilled lizards
  5 kobolds
  8 rats
66 creatures vanquished.

Vanquished Creatures (others)
  A lurking horror (Abyss:1)
1 creature vanquished.

Grand Total: 67 creatures vanquished

Notes
Turn   | Place    | Note
-------+----------+-------------------------------------------
     0 | Abyss:1  | Gargoyl the Centaur Abyssal Knight began the quest for the
                  | Orb.
     0 | Abyss:1  | Reached XP level 1. HP: 19/19 MP: 2/2
    41 | Abyss:1  | Noticed a ynoxinul
    45 | Abyss:1  | Noticed a starcursed mass
    49 | Abyss:1  | Noticed a wretched star
    69 | Abyss:1  | Noticed a small abomination
    72 | Abyss:1  | Noticed a large abomination
    76 | Abyss:1  | Gained mutation: You can translocate small distances at
                  | will. [potion of mutation]
    76 | Abyss:1  | Gained mutation: You are agile. (Dex +2) [potion of
                  | mutation]
    93 | Abyss:2  | Noticed a small abomination
   146 | Abyss:2  | Noticed a storm dragon skeleton
   163 | Abyss:2  | Noticed a wretched star
   165 | D:1      | Escaped the Abyss
   706 | D:1      | Reached XP level 2. HP: 15/26 MP: 3/3
  1356 | D:2      | Reached skill level 1 in Dodging
  1364 | D:2      | Reached * piety under Lugonu
  1367 | D:2      | Reached XP level 3. HP: 24/31 MP: 4/4
  2235 | D:3      | Reached XP level 4. HP: 38/38 MP: 5/5
  2450 | D:3      | Noticed Natasha
  2457 | D:3      | Killed Natasha
  2458 | D:3      | Reached ** piety under Lugonu
  2467 | D:3      | Noticed Natasha
  2485 | D:3      | Killed Natasha
  2828 | D:3      | Reached XP level 5. HP: 38/46 MP: 7/7
  3275 | D:3      | Noticed Natasha
  3287 | D:3      | Killed Natasha
  3818 | D:4      | Found Lotay's General Store.
  3834 | D:5      | Entered Level 5 of the Dungeon
  3834 | D:5      | Noticed a sky beast
  3843 | D:5      | HP: 2/46 [poisoned by an orc wizard]
  3851 | D:5      | HP: 1/46 [poisoned by an orc wizard]
  3857 | D:5      | HP: 1/46 [poisoned by an orc wizard]
  3863 | D:5      | Succumbed to an orc wizard's poison

Levels and vault maps discovered:
D:1:      kennysheep_arrival_forest, layout_basic, minmay_hedge_maze,
          st_stairs_14, chequers_serial_rivers_large_b,
          chequers_decorated_corner
D:2:      layout_basic
D:3:      layout_loops_ring, minmay_overflow_temple_hex, kennysheep_cross_room,
          hangedman_decor_opposing, grunt_decor_resistance, uniq_natasha
D:4:      layout_rooms, minmay_temple_entry_wispy, first_ration,
          hellmonk_ghost_happy_afterlife, serial_shops, shop,
          kennysheep_okawaru_gauntlet
D:5:      layout_cave_pools, nicolae_gozag_seed_capital, tgw_kikubaaqudgha,
          uniq_edmund

Skill      XL: |  1  2  3  4  5 |
---------------+----------------+-----
Axes           | 2 3 |  3.0
Dodging        | 1 |  1.5
Armour         | 2 |  2.9
Invocations    | 3 |  3.0
Fighting       | |  3.7

Action                   |  1- 3 |  4- 6 || total
-------------------------+-------+-------++-------
Melee: Hand axe          |   112 |   101 ||   213
       Kick              |    16 |    23 ||    39
Invok: Depart the Abyss  |     1 |       ||     1
  Use: Potion            |     5 |     3 ||     8
       Scroll            |     4 |       ||     4
  Eat: Chunk             |     3 |     5 ||     8
Armor: Chain mail        |    78 |    62 ||   140
Dodge: Dodged            |    28 |    17 ||    45

Table legend:
 A = Non-vault XP
 B = Vault XP
 C = Vault XP percentage of total XP
 D = Non-vault monster count
 E = Vault monster count
 F = Vault count percentage of total count
                 A         B        C        D         E       F
            +---------+---------+-------+---------+---------+-------
      Total |     303 |      35 |  10.4 |      64 |       2 |   3.0
            +---------+---------+-------+---------+---------+-------
        D:1 |      25 |       2 |   7.4 |      13 |       1 |   7.1
        D:2 |      68 |       0 |   0.0 |      27 |       0 |   0.0
        D:3 |     210 |      33 |  13.6 |      24 |       1 |   4.0
            +---------+---------+-------+---------+---------+-------
